cohdb
Replays
Latest Replays
All Replays
Popular Replays
Top Player Replays
Match Explorer
How It Works
Community
CoH3 Stats
Reddit
Sign in to upload your games and track your stats! →
Sign in with Steam
Match 42874498
Unlisted
Match 42874498
Overview
Messages
Build Orders
End
Panzergrenadier Squad
250 Light Carrier
Construct Light Support Kompanie
Panzergrenadier Squad
MG34 Team
Fire Support Elements
Flakvierling Half-track
Panzergrenadier Squad
2.5-tonne Medical Truck
le.IG 18 Mechanized Group
Selects Battlefield Espionage Battlegroup
Construct Panzerarmee Kommand
Selects Intel Disruption Beacon
Selects Plunder
Selects Firestorm
Walking Stuka Rocket Launcher
Selects 250/3 Funkpanzerwagen
Selects Anti-Tank Incendiary Munitions
Panzer III L Medium Tank
Panzergrenadier Squad
Panzerpioneer Squad
Panzerpioneer Squad
Armored Reserves
Selects Operation Skorpion
2.5-tonne Medical Truck
Pak 38 Anti-tank Gun Team
Mojo Milk Man
LittleBirde
mcgraf_89
✠ Eurocopter Tiger ✠
Extrawood
GeorgeLe
JVM
Electrobolt
0
0
Comments
sign in to comment!
No comments posted yet!